 Dungeon Crawl Stone Soup version 0.29.1-12-g30fa7ad0bf (webtiles) character file.

Game seed: 12443919810126874320

1742 FexLirch the Zephyrmancer (level 9, -4/45 HPs)
             Began as a Tengu Air Elementalist on Jan 13, 2023.
             Was a Believer of Sif Muna.
             Engulfed by a cloud of steam (7 damage)
             ... on level 6 of the Dungeon.
             The game lasted 00:13:23 (7119 turns).

FexLirch the Zephyrmancer (Tengu Air Elementalist)  Turns: 7119, Time: 00:13:23

Health: -4/45      AC:  3    Str:  9    XL:     9   Next: 5%
Magic:  9/19       EV: 18    Int: 20    God:    Sif Muna [**....]
Gold:   394        SH:  0    Dex: 14    Spells: 10/20 levels left

rFire   . . .      SeeInvis .   (no weapon)
rCold   . . .      Faith    .   (no shield)
rNeg    . . .      Spirit   .   a - +0 robe
rPois   .          Reflect  .   (helmet restricted)
rElec   .          Harm     .   u - +0 cloak
rCorr   .          Rampage  .   (no gloves)
Will    +....                   (boots unavailable)
Stlth   ++........              (no amulet)
HPRegen 0.15/turn               p - +4 ring of evasion
MPRegen 0.16/turn               B - ring of willpower

@: flying quickly and evasively, quick
A: beak, talons 3, nimble flight
a: Renounce Religion, Channel Magic


You were on level 6 of the Dungeon.
You worshipped Sif Muna.
Sif Muna was pleased with you.
You visited 2 branches of the dungeon, and saw 7 of its levels.

You collected 394 gold pieces.

Inventory:

Armour
 a - a +0 robe (worn)
 t - an orb of mayhem
 u - a +0 cloak (worn)
Magical Staves
 g - a staff of fire
Jewellery
 p - a +4 ring of evasion (left hand)
 q - a ring of fire
 y - an amulet of faith
 B - a ring of willpower (right hand)
 E - a ring of protection from fire
Wands
 o - a wand of iceblast (8)
 s - a wand of light (16)
Scrolls
 c - 3 scrolls of teleportation {unknown}
 d - 2 scrolls of blinking {unknown}
 e - 6 scrolls of identify {unknown}
 f - 2 scrolls of enchant armour {unknown}
 h - a scroll of vulnerability {unknown}
 l - a scroll of poison {unknown}
 n - 3 scrolls of immolation {unknown}
 r - a scroll of brand weapon {unknown}
 v - a scroll of acquirement {unknown}
 w - a scroll of amnesia {unknown}
 C - a scroll of butterflies {unknown}
 D - a scroll of torment {unknown}
Potions
 b - a potion of magic
 i - a potion of curing {unknown}
 j - a potion of degeneration {unknown}
 k - 4 potions of flight {unknown}
 m - a potion of attraction {unknown}
 x - 3 potions of mutation {unknown}
 z - a potion of ambrosia {unknown}
 A - a potion of resistance {unknown}


   Skills:
 - Level 2.1 Dodging
 - Level 2.0 Stealth
 + Level 6.2 Spellcasting
 + Level 8.6 Conjurations
 + Level 9.4 Air Magic


You had 10 spell levels left.
You knew the following spells:

 Your Spells              Type           Power      Damage    Failure   Level
a - Shock                 Conj/Air       100%       1d9       1%          1
b - Static Discharge      Conj/Air       42%        3-9/arc   1%          2
c - Swiftness             Air            44%        N/A       1%          3
d - Airstrike             Air            22%        2d(4-20)  1%          4

Your spell library contained the following spells:

 Spells                   Type           Power      Damage    Failure   Level
 Beastly Appendage        Tmut           12%        N/A       11%         1
 Ensorcelled Hibernation  Hex/Ice        12%        N/A       16%         2
 Passwall                 Tmut/Erth      5%         N/A       16%         2
 Wereblood                Tmut           6%         N/A       16%         2
 Spider Form              Tmut/Pois      6%         N/A       30%         3


Dungeon Overview and Level Annotations

Branches:
Dungeon (6/15)             Temple (1/1) D:4

Altars:
Ashenzari
Cheibriados
Dithmenos
Elyvilon
Fedhas
Gozag
Nemelex Xobeh
Qazlal
Sif Muna
Trog
Uskayaw
Zin

Annotations:
D:3 3 runed translucent doors, Sigmund; fitz's ghost, amateur DsGl
D:4 exclusion: upstairs


Innate Abilities, Weirdness & Mutations

You have a beak for a mouth.
You have claws for feet.
Your magical nature lets you fly swiftly and evasively.


Message History

a +0 dagger; a +0 robe; an orc corpse A steam dragon is nearby!
Casting: Shock (safe; 1% risk of failure)
Confirm with . or Enter, or press ? or * to list all spells.
Aiming: Shock (safe; 1% risk of failure)
Press: ? - help, Shift-Dir - straight line, f - steam dragon
Aim: a steam dragon (wandering, hasn't noticed you, 74% to hit)
The zap hits the steam dragon.
The steam dragon is lightly wounded.
Casting: Shock (safe; 1% risk of failure)
Confirm with . or Enter, or press ? or * to list all spells.
Aiming: Shock (safe; 1% risk of failure)
Press: ? - help, Shift-Dir - straight line, f/p - steam dragon
Aim: a steam dragon (lightly wounded, 74% to hit)
The zap hits the steam dragon.
The steam dragon is lightly wounded.
The steam dragon breathes steam at you. The ball of steam hits you!!
Casting: Shock (safe; 1% risk of failure)
Confirm with . or Enter, or press ? or * to list all spells.
Aiming: Airstrike (dangerous; 1% risk of failure)
Press: ? - help, Dir - move target, f/p - steam dragon
Aim: a steam dragon (lightly wounded, empty space bonus: 7/8)
The air twists around and strikes the steam dragon!
The steam dragon is severely wounded.
You are engulfed in a cloud of scalding steam.
The steam dragon breathes steam at you. The ball of steam hits you!
* * * LOW HITPOINT WARNING * * *
Casting: Airstrike (dangerous; 1% risk of failure)
Confirm with . or Enter, or press ? or * to list all spells.
Aiming: Airstrike (dangerous; 1% risk of failure)
Press: ? - help, Dir - move target, f/p - steam dragon
Aim: a steam dragon (severely wounded, catching its breath, empty space bonus: 7/8)
The air twists around and strikes the steam dragon!
You kill the steam dragon!
Sif Muna accepts your kill.
The steam dragon scales are intact enough to wear.
You are engulfed in a cloud of scalding steam.
You die...

..................'.....'........
.#.####...##......#.....#.......#
.#.#............###.....#.......#
.#.####.........# #.....#.......#
.#.# #......#..# #.....#.......#
...#.##....#.#..#########........
...........#.#§§.§.### #.......#
##.#.........§.§##...# #.......#
.#.....#.#..§§@§.#.# #.......#
.#..#.........#..[..# #.......#
.#..........<......## #........
#.#..#.#..............##########
##...................#.# #####
.....................#.# #...#
#..#....#.......##.....##### #...
........)..................# #...
...##.<..).............#.#.# #..#


There were no monsters in sight!

Vanquished Creatures
  A cyclops (D:6)
  A steam dragon (D:6)
  A water moccasin (D:4)
  A sky beast (D:6)
  2 centaurs
  2 bullfrogs (D:6)
  A scorpion (D:4)
  A necrophage (D:5)
  2 jellies
  2 hounds
  2 orc priests
  Ijyb (D:5)
  Jessica (D:3)
  4 iguanas
  5 orc wizards
  8 gnolls
  9 adders
  2 white imps
  An ufetubus (D:2)
  3 worms
  2 dart slugs
  15 orcs
  7 ball pythons
  4 bats
  11 endoplasms
  2 giant cockroaches (D:3)
  6 goblins
  8 hobgoblins
  4 quokkas
  3 frilled lizards
  8 kobolds
  10 rats
130 creatures vanquished.

Vanquished Creatures (others)
  6 plants
6 creatures vanquished.

Grand Total: 136 creatures vanquished

Notes
Turn   | Place    | Note
-------+----------+-------------------------------------------
     0 | D:1      | FexLirch the Tengu Air Elementalist began the quest for the
                  | Orb.
     0 | D:1      | Reached XP level 1. HP: 10/10 MP: 4/4
   537 | D:1      | Reached XP level 2. HP: 15/15 MP: 1/6
  1137 | D:1      | Reached XP level 3. HP: 19/19 MP: 4/7
  1140 | D:1      | Learned a level 2 spell: Static Discharge
  1144 | D:1      | Learned a level 3 spell: Swiftness
  2120 | D:2      | Found a faded altar of an unknown god.
  2671 | D:2      | Reached XP level 4. HP: 24/24 MP: 5/9
  3076 | D:2      | Reached skill level 5 in Air Magic
  3179 | D:3      | Noticed Jessica
  3209 | D:3      | Noticed Sigmund
  3305 | D:3      | Killed Jessica
  3399 | D:3      | Found a glowing silver altar of Zin.
  3441 | D:3      | Found an opulent altar of Gozag.
  3441 | D:3      | Found a stormy altar of Qazlal.
  3453 | D:3      | Gained mutation: Your magical nature lets you fly swiftly
                  | and evasively. [Tengu growth]
  3453 | D:3      | Reached XP level 5. HP: 20/28 MP: 1/10
  3512 | D:3      | Found a shimmering blue altar of Sif Muna.
  3516 | D:3      | Became a worshipper of Sif Muna the Loreminder
  3652 | D:3      | Learned a level 4 spell: Airstrike
  3711 | D:3      | Found a runed translucent gate.
  3711 | D:3      | Found a runed translucent gate.
  3715 | D:3      | Found a runed translucent gate.
  3715 | D:3      | Noticed fitz's ghost (amateur DsGl)
  4337 | D:4      | Noticed a water moccasin
  4339 | D:4      | Killed a water moccasin
  4340 | D:4      | Reached skill level 6 in Air Magic
  4340 | D:4      | Reached XP level 6. HP: 32/32 MP: 3/12
  4427 | D:4      | Reached skill level 5 in Conjurations
  4499 | D:4      | Reached * piety under Sif Muna
  4576 | D:4      | Found a staircase to the Ecumenical Temple.
  4589 | Temple   | Entered the Ecumenical Temple
  4675 | D:4      | Reached XP level 7. HP: 33/36 MP: 10/14
  4909 | D:4      | Found a blossoming altar of Fedhas.
  4918 | D:4      | Noticed a +0 short sword
  4920 | D:4      | Noticed a +0 falchion
  4920 | D:4      | Noticed a +0 dagger
  4920 | D:4      | Noticed a +0 dagger
  4921 | D:4      | Noticed a +0 short sword
  4921 | D:4      | Noticed a +0 spear
  4921 | D:4      | Noticed a +0 falchion
  4922 | D:4      | Noticed a +0 spear
  4931 | D:4      | Found a hide-covered altar of Uskayaw.
  5203 | D:5      | Entered Level 5 of the Dungeon
  5212 | D:5      | Reached skill level 7 in Air Magic
  5759 | D:5      | Noticed Ijyb
  5762 | D:5      | Killed Ijyb
  6158 | D:6      | Reached XP level 8. HP: 41/41 MP: 10/16
  6207 | D:6      | Reached skill level 5 in Spellcasting
  6307 | D:6      | Reached ** piety under Sif Muna
  6454 | D:6      | Reached skill level 8 in Air Magic
  6506 | D:6      | Noticed a cyclops
  6514 | D:6      | Killed a cyclops
  6688 | D:6      | Reached skill level 9 in Air Magic
  6923 | D:6      | Reached XP level 9. HP: 45/45 MP: 4/19
  7119 | D:6      | Engulfed by a cloud of steam

Illustrated notes

Levels and vault maps discovered:
D:1:      lightli_arrival_windingriver, layout_basic, serial_curves,
          eino_curves_01, eino_curves_02, eino_curves_01, eino_curves_01,
          st_stairs_9, minmay_rat_gold_closets
D:2:      layout_loops_ring, shapermc_ecumenical_altar_totnotflames,
          kennysheep_decorative_pillar, st_stairs_3, roderic_lattice_a,
          serial_bayou_pond_b
D:3:      layout_rooms, zin_treasury,
          chequers_temple_overflow_statue_of_worship, gammafunk_ghost_split,
          nicolae_figureground_pulse, uniq_jessica, uniq_sigmund
D:4:      layout_rooms, fedhas_ov_isle_minmay, nicolae_uskayaw_en_pointe,
          minmay_temple_entry_waves, kennysheep_generic_room_12
D:5:      layout_cave_pools, uniq_ijyb
D:6:      layout_basic, kennysheep_opposing_triangles, uniq_crazy_yiuf_cottage
Temple:   nicolae_temple_ecumenical_triangle

Skill      XL: |  1  2  3  4  5  6  7  8 |
---------------+-------------------------+-----
Conjurations   | 2 3 4 5 6 8 |  8.6
Air Magic      | 5 6 7 9 |  9.4
Spellcasting   | 3 4 6 |  6.2
Dodging        | |  2.1
Stealth        | |  2.0

Action                   |  1- 3 |  4- 6 |  7- 9 || total
-------------------------+-------+-------+-------++-------
Melee: Unarmed           |     6 |     2 |     1 ||     9
       Kick              |     2 |     2 |       ||     4
 Cast: Shock             |    91 |    70 |    75 ||   236
       Static Discharge  |     6 |    13 |    10 ||    29
       Swiftness         |     1 |       |       ||     1
       Airstrike         |       |     2 |    22 ||    24
Evoke: Wand              |       |       |     1 ||     1
Armor: Robe              |     9 |     1 |     1 ||    11
Dodge: Dodged            |    27 |    12 |    13 ||    52
